 Dungeon Crawl Stone Soup version 0.29.1-15-g9cfb28693d (webtiles) character file.

Game seed: 4873622935719462626

171 Heoruswealwe the Conjurer (level 5, -8/28 HPs)
             Began as a Deep Elf Conjurer on Feb 27, 2023.
             Was an Initiate of Ashenzari.
             Mangled by ripuliukko's ghost (13 damage)
             ... on level 3 of the Dungeon.
             The game lasted 00:28:23 (2697 turns).

Heoruswealwe the Conjurer (Deep Elf Conjurer)       Turns: 2697, Time: 00:28:23

Health: -8/28      AC:  3    Str:  4    XL:     5   Next: 26%
Magic:  10/15      EV: 12    Int: 29    God:    Ashenzari [......]
Gold:   224        SH:  0    Dex: 13    Spells: 14/15 levels left

rFire   . . .      SeeInvis .   d - +1 war axe
rCold   . . .      Faith    .   (no shield)
rNeg    . . .      Spirit   .   z - +0 robe
rPois   .          Reflect  .   J - +0 helmet of Quiet Fog {Int+4}
rElec   .          Harm     .   (no cloak)
rCorr   .          Rampage  .   (no gloves)
Will    .....      Clarity  +   (no boots)
Stlth   ++........              I - amulet of regeneration
HPRegen 0.89/turn               (no ring)
MPRegen 0.14/turn               (no ring)

@: no status effects
A: clarity
a: Renounce Religion, Curse Item


You were on level 3 of the Dungeon.
You worshipped Ashenzari.
Ashenzari was noncommittal.
You visited 1 branch of the dungeon, and saw 3 of its levels.

You collected 224 gold pieces.

Inventory:

Hand Weapons
 d - a +1 war axe (weapon)
 e - a +0 hand axe
 f - a +0 short sword
 i - a +0 dagger
 j - a +0 dagger
 k - a +0 club
 n - a +0 whip
 o - a +0 hand axe
 p - a +0 mace
 q - a +0 club
 r - a +0 club
 s - a +0 sling
 w - a +0 spear
 y - a +0 morningstar
 B - a +0 dagger
 C - a +0 mace
 D - a +0 short sword
 F - a +0 dagger
 G - a +0 dagger
 K - a +0 club
 O - a +0 dagger
 Q - a +0 whip
 T - a +0 quarterstaff
Missiles
 x - 25 stones
Armour
 a - a +0 robe
 c - a +0 robe
 h - a +0 leather armour
 l - a +0 helmet
 u - a +0 leather armour
 z - a +0 robe (worn)
 H - a +0 ring mail
 J - the +0 helmet of Quiet Fog (worn) {Int+4}
   (You found it on level 3 of the Dungeon)

   Int:       It affects your intelligence (+4).
 N - a +0 tower shield
 P - a +0 leather armour
 R - a +0 robe
Magical Staves
 v - a staff of cold
Jewellery
 I - an amulet of regeneration (around neck)
 L - an amulet of regeneration
Scrolls
 m - 2 scrolls of vulnerability
 E - a scroll of teleportation
 S - a scroll of identify
Potions
 b - a potion of magic
 g - 2 potions of curing
 t - a potion of might
 A - a potion of mutation
 M - a potion of degeneration


   Skills:
 - Level 2.4 Dodging
 - Level 2.4 Stealth
 + Level 5.6 Spellcasting
 + Level 6.0 Conjurations


You had 14 spell levels left.
You knew the following spells:

 Your Spells              Type           Power      Damage    Failure   Level
a - Magic Dart            Conj           100%       1d8       1%          1

Your spell library contained the following spells:

 Spells                   Type           Power      Damage    Failure   Level
 Searing Ray              Conj           86%        2d7       1%          2
 Dazzling Flash           Conj/Hex       50%        N/A       4%          3
 Apportation              Tloc           16%        N/A       6%          1
 Necrotise                Necr           32%        1d5       6%          1
 Summon Small Mammal      Summ           32%        N/A       6%          1
 Fulminant Prism          Conj/Hex       12%        3d9       17%         4
 Iskenderun's Mystic Bla  Conj/Tloc      25%        2d7       17%         4


Dungeon Overview and Level Annotations

Branches:
Dungeon (3/15)

Altars:
Ashenzari
Nemelex Xobeh

Annotations:
D:3 ripuliukko's ghost, amateur MiFi


Innate Abilities, Weirdness & Mutations

You possess an exceptional clarity of mind.


Message History

The magic dart hits ripuliukko's ghost.
Ripuliukko's ghost is lightly damaged.
Ripuliukko's ghost hits you!
The magic dart hits ripuliukko's ghost.
Ripuliukko's ghost is lightly damaged.
Ripuliukko's ghost barely misses you.
The magic dart hits ripuliukko's ghost.
Ripuliukko's ghost is moderately damaged.
Ripuliukko's ghost hits you.
You are too injured to fight recklessly!
Aiming: Magic Dart (safe; 1% risk of failure)
Press: ? - help, Q - select action, (/) - cycle Shift-Dir - straight line, f/p - ripuliukko's ghost
Aim: ripuliukko's ghost (moderately damaged, 100% to hit)
The magic dart hits ripuliukko's ghost but does no damage.
Ripuliukko's ghost is moderately damaged.
Ripuliukko's ghost closely misses you.
Aiming: Magic Dart (safe; 1% risk of failure)
Press: ? - help, Q - select action, (/) - cycle Shift-Dir - straight line, f/p - ripuliukko's ghost
Aim: ripuliukko's ghost (moderately damaged, 100% to hit)
The magic dart hits ripuliukko's ghost.
Ripuliukko's ghost is moderately damaged.
Ripuliukko's ghost hits you.
Aiming: Magic Dart (safe; 1% risk of failure)
Press: ? - help, Q - select action, (/) - cycle Shift-Dir - straight line, f/p - ripuliukko's ghost
Aim: ripuliukko's ghost (moderately damaged, 100% to hit)
The magic dart hits ripuliukko's ghost!
Ripuliukko's ghost is heavily damaged.
Ripuliukko's ghost hits you.
* * * LOW HITPOINT WARNING * * *
You feel better. Ripuliukko's ghost hits you!
Ouch! That really hurt!
* * * LOW HITPOINT WARNING * * *
Ashenzari invites you to partake of a vision and a curse of cunning and fortitude.
You feel better. Ripuliukko's ghost hits you!
* * * LOW HITPOINT WARNING * * *
You hit ripuliukko's ghost but do no damage.
Ripuliukko's ghost is heavily damaged.
Ripuliukko's ghost completely misses you.
Ripuliukko's ghost hits you!
You die...

###########
#.........#
#.#######.# #.# #.#
#.# #.#
####.#######.##
###........##...##
#......###.#...>.###
#..@...# #.#........
###W'### #.#.....###
#.≈.≈...# #.##...##
##~~#.⌠~.##.######
#≈..~.#.##.# #######
.#..)..###.###......
#####~#.###
#........## #.
##########..##.##...
#.#..
.........##.##.##


You could see ripuliukko's ghost.

Vanquished Creatures
  Natasha (thrice) (D:3)
  2 adders
  4 worms
  6 dart slugs
  7 ball pythons
  4 endoplasms
  3 giant cockroaches (D:1)
  7 goblins
  2 hobgoblins
  4 jackals (D:3)
  3 quokkas
  4 bats
  A frilled lizard (D:3)
  3 kobolds (D:2)
  6 rats
59 creatures vanquished.

Notes
Turn   | Place    | Note
-------+----------+-------------------------------------------
     0 | D:1      | Heoruswealwe the Deep Elf Conjurer began the quest for the
                  | Orb.
     0 | D:1      | Reached XP level 1. HP: 10/10 MP: 6/6
   165 | D:1      | Found a faded altar of an unknown god.
   165 | D:1      | Noticed an eye of devastation
   168 | D:1      | Noticed a golden eye
   168 | D:1      | Noticed a great orb of eyes
   168 | D:1      | Noticed a golden eye
   173 | D:1      | Prayed at the altar of an unknown god.
   173 | D:1      | Became a worshipper of Ashenzari the Shackled
   296 | D:1      | Reached XP level 2. HP: 10/15 MP: 2/8
   985 | D:2      | Reached XP level 3. HP: 19/19 MP: 7/10
   995 | D:2      | Reached skill level 5 in Conjurations
  1228 | D:2      | Gained mutation: You possess an exceptional clarity of
                  | mind. [potion of mutation]
  1984 | D:3      | Reached XP level 4. HP: 24/24 MP: 10/12
  2041 | D:3      | Identified the +0 helmet of Quiet Fog {Int+4}
  2093 | D:3      | Noticed Natasha
  2103 | D:3      | Killed Natasha
  2104 | D:3      | Reached skill level 5 in Spellcasting
  2115 | D:3      | Noticed Natasha
  2120 | D:3      | Killed Natasha
  2353 | D:3      | Noticed Natasha
  2366 | D:3      | Killed Natasha
  2367 | D:3      | Reached XP level 5. HP: 4/28 MP: 8/15
  2555 | D:3      | Reached skill level 6 in Conjurations
  2616 | D:3      | Found a sparkling altar of Nemelex Xobeh.
  2676 | D:3      | Found a large runed translucent door.
  2678 | D:3      | Found a large runed translucent door.
  2680 | D:3      | Noticed ripuliukko's ghost (amateur MiFi)
  2695 | D:3      | HP: 1/28 [ripuliukko's ghost (14)]
  2697 | D:3      | Mangled by ripuliukko's ghost

Illustrated notes

Levels and vault maps discovered:
D:1:      dpeg_arrival_round_c, layout_basic,
          hellmonk_ecumenical_altar_watching_god, minmay_pentomino_x4
D:2:      layout_loops_cross, st_stairs_13, hangedman_decor_peaks_small,
          minmay_quadrilaterals
D:3:      layout_loops_ring, general_overflow_altar,
          ebering_ghost_disaster_area, uniq_natasha

Skill      XL: |  1  2  3  4  5 |
---------------+----------------+-----
Spellcasting   | 4 5 |  5.6
Conjurations   | 5 6 |  6.0
Dodging        | |  2.4
Stealth        | |  2.4

Action                   |  1- 3 |  4- 6 || total
-------------------------+-------+-------++-------
Melee: War axe           |    38 |    14 ||    52
       Punch             |     1 |       ||     1
 Cast: Magic Dart        |    60 |    47 ||   107
  Use: Scroll            |     7 |     1 ||     8
       Potion            |     3 |     3 ||     6
 Stab: Sleeping          |     1 |       ||     1
Armor: Robe              |     9 |     1 ||    10
Dodge: Dodged            |    33 |    18 ||    51
